Unix xNetHack Version 8.0.0 - last build Jun 13 2023 11:06:09 (4b7ecc64c373f7294607d497be3f7ce1783331ac). Game began 2023-06-23 09:56:28, ended 2023-06-23 22:38:44. Moult, neutral male gnomish Healer --- ---- ---- * * ---- --.-- | --..-------------------..--------- *--.### --- |..| |......| |^......~)|-...........[.........|-----------.......--..| |..| --.-- | |...).--..|....#.....--------....|......|...............| -.-------.|--------...|-...){........|..|...|.....^.)._@|.........------- |......|..|..<........|..#.....----..|..|...-....|.....[|........ -----.........-----...|........| |..|..|--......--------.....## ----- |.........-----.----...--|-- |..-|-|..............~......# |...--- |...............| |...|...--+-.....---|...-...------......#--.....-- |..............-- +...|...|................|...| |......*|.......| |...|.....--..------...|...|+------..{...|..|..~+ |.....| |......-- |..---...-----|........|---| |((.|......--+-...| |.....--.........---- --..|....| |........|(((| |(].-.............-----....-..............- --.|....| | -----..|.(.|--|((.|..--|---|.....................>..-- ---......| |...|..|(..|..-----..|...|....|.--|--.......----...| |........| |...-..--|--..~.~....|...|..|...|...|..|..--- *....| |........- |...|....([..........|...|..|...|...|..|--- ....| --..|..--. ----|...........(....|--------.-----|.-- ---- ------- -- ------------------ --- Moult the Embalmer St:14 Dx:12 Co:17 In:17 Wi:13 Ch:12 Neutral S:2524 Dlvl:5 $:0 HP:0(57) Pw:43(43) AC:-13 Xp:6/466 T:14665 Burdened Latest messages: You finish your dressing maneuver. What do you want to remove? [B or ?*] K You finish taking off your helm. What do you want to wear? [IKR or ?*] R You finish your dressing maneuver. You drop an uncursed +0 skull cap {30}. You drop an uncursed +0 skull cap {30}. What do you want to drop? [$a-dg-ln-wA-HJL-Y or ?*] P You drop a cursed pair of hard shoes {50}. What do you want to remove? [B or ?*] C You were wearing a +0 blue and green shield {40}. What do you want to wear? [CV or ?*] V You are now wearing a white-handed shield. What do you want to remove? [B or ?*] V You were wearing an uncursed +0 white-handed shield {50}. What do you want to wear? [CV or ?*] C You are now wearing a blue and green shield. What do you want to drop? [$a-dg-ln-wA-HJL-OQ-Y or ?*] V You drop an uncursed +0 white-handed shield {50}. What do you want to use or apply? [bcjlqs-uwENOQX or ?*] b You have a little trouble removing V - an uncursed copper hexagonal amulet {24}. What do you want to put on? [tSUV or ?*] V V - an uncursed copper hexagonal amulet (being worn) {24}. What do you want to remove? [BV or ?*] V You were wearing an uncursed copper hexagonal amulet {24}. What do you want to use or apply? [bcjlqs-uwENOQX or ?*] b You put an uncursed copper hexagonal amulet into the paper bag called not holding. What do you want to use or apply? [bcjlqs-uwENOQX or ?*] b What do you want to use or apply? [bcjlqs-uwENOQX or ?*] b You put 83 gold pieces into the paper bag called not holding. What do you want to use or apply? [bcjlqs-uwENOQX or ?*] b You have a little trouble removing Z - an uncursed emerald ring {3}. What do you want to put on? [tSUZ or ?*] Z Z - an uncursed emerald ring (on left hand) {3}. The priest of Athena swings his mace. The priest of Athena strikes you! The priest of Athena misses! The priest of Athena casts a spell at you! The priest of Athena swings his mace. The priest of Athena pounds you! The priest of Athena kicks! The priest of Athena points at you, then curses. The priest of Athena swings his mace. The priest of Athena smacks you! The priest of Athena kicks! The priest of Athena points at you, then curses. The priest of Athena swings his mace. The priest of Athena smacks you! You die... Do you want your possessions identified? q Inventory: Inventory: 893/825 weight (42/52 slots) Weapons d - 6 +0 darts {6} D - 9 blessed +0 shuriken {9} r - 6 +0 shuriken {6} p - a +0 silver dagger {11} G - 2 +0 wooden elven daggers {6} k - a +0 orcish dagger {10} a - a +0 scalpel {5} i - a +0 aklys (tethered weapon in hand) {15} Armor R - an uncursed +0 mithril dwarvish helm (being worn) {19} h - a blessed +1 pair of gauntlets of fumbling (being worn) {8} v - an uncursed +1 pair of leather gloves {10} M - a blessed +1 pair of elven boots (being worn) {12} C - an uncursed +0 elven shield (being worn) {30} g - an uncursed +0 elven cloak (being worn) {8} H - an uncursed +0 mithril elven ring mail (being worn) {88} Comestibles L - 8 uncursed apples {16} F - an uncursed banana {2} o - an uncursed carrot {2} n - an uncursed food ration {20} A - an uncursed partly eaten food ration {8} J - 2 uncursed lembas wafers {10} Rings Z - an uncursed ring of conflict (on left hand) {3} B - an uncursed ring of invisibility (on right hand) {2} S - a cursed ring of polymorph {3} U - an uncursed ring of regeneration {3} Wands O - a wand of digging named 1 (0:7) {7} j - a wand of magic missile named 4 (0:3) {7} X - a wand of speed monster named 2 (0:4) {7} u - a wand of striking named 1 (0:6) {7} E - a wand of striking named 3 (0:1) {7} Tools b - an uncursed paper sack containing 25 items {423} w - a cursed magic whistle {3} c - an uncursed mirror {13} l - an uncursed oil lamp {20} N - a +0 mithril pick-axe {62} s - an uncursed stethoscope named 9p tp cold {4} Q - an uncursed tin opener {4} t - an uncursed towel named !c {2} Gems/Stones T - 2 uncursed diamonds {2} Y - 2 uncursed worthless pieces of black glass {2} W - an uncursed worthless piece of red glass {1} q - an uncursed luckstone {10} Contents of the paper sack: 559 gold pieces an uncursed copper amulet of unchanging a cursed silver amulet of change 3 uncursed food rations an uncursed tin of violet fungus 3 uncursed scrolls of light 2 uncursed scrolls of identify an uncursed spellbook of confuse monster a potion of holy water an uncursed potion of water 5 uncursed potions of booze a cursed potion of booze 2 uncursed potions of object detection an uncursed worthless piece of blue glass an uncursed worthless piece of green glass 4 uncursed emeralds 2 uncursed worthless pieces of orange glass 2 uncursed rubies 2 uncursed amethyst stones an uncursed worthless piece of violet glass an uncursed worthless piece of white glass an uncursed dilithium crystal 4 uncursed worthless pieces of yellow glass 3 uncursed worthless pieces of yellowish brown glass 4 uncursed worthless pieces of black glass Moult the Healer's attributes: Background: You were an Embalmer, a level 6 male gnomish Healer. You were neutral, on a mission for Hermes who was opposed by Athena (lawful) and Poseidon (chaotic). You were heterosexual. You were in the Gnomish Mines, on level 5. You entered the dungeon 14665 turns ago. It was nighttime. You had 466 experience points, 174 more were needed to attain level 7. Your score was 2524 before end-of-game adjustments. Basics: You had 0 out of 57 hit points. You had all 43 energy points (spell power). Your armor class was -13. Your wallet was empty, but you had 559 zorkmids stashed away in your pack. Autopickup was on for '_' plus thrown, with exceptions. Final Characteristics: Your strength was 14 (limit:18/50). Your dexterity was 12 (limit:18). Your constitution was 17 (limit:18). Your intelligence was 17 (limit:19). Your wisdom was 13 (limit:18). Your charisma was 12 (limit:18). Final Status: You fumbled. You were not hungry. You were burdened; movement was slightly slowed. You were wielding a club. You were skilled in club. Final Attributes: You were piously aligned. You were cold resistant. You were poison resistant. You were telepathic. You had infravision. You were invisible. You were stealthy. You caused conflict. You had a moderate defense bonus (+9). You were guarded. You were lucky. You had extra luck. Bad luck did not time out for you. Good luck did not time out for you. You are dead. Miscellaneous: You never encountered a bones level. Total elapsed playing time was 4 hours, 1 minute and 9 seconds. Major events: Turn 1: Moult the neutral male gnomish Healer entered the dungeon 2105: entered the Gnomish Mines 2480: reached Mine Town 5705: entered Sokoban 6076: completed 1st Sokoban level 6696: completed 2nd Sokoban level 7201: attained the rank of Empiric (level 3) 7315: completed 3rd Sokoban level 13520: attained the rank of Embalmer (level 6) 13961: acquired the Mines' End luckstone 14665: killed by a priest of Athena, while paralyzed Vanquished creatures: a large dog a tiger a gargoyle a watchman a chameleon a giant beetle a wolf 3 giant spiders an ogre a yeti a dingo a blue jelly a dust vortex a plains centaur 5 Woodland-elves a fire ant a wood nymph 3 Uruk-hai an orc shaman 4 rock piercers a rock mole 2 ponies 3 fog clouds 3 yellow lights a violet fungus 2 gnome leaders 2 gnomish wizards a ghoul a straw golem 8 giant ants 2 floating eyes 2 kittens 8 dwarves 3 homunculi 2 kobold leaders a kobold shaman a hill orc 7 rothes a rabid rat a giant bat 2 orc zombies a dwarf zombie 2 wererats 2 werejackals 6 iguanas 3 coyotes 4 gas spores 10 hobbits 2 manes 3 large kobolds 3 hobgoblins 3 giant rats a cave spider 2 brown molds 2 yellow molds 4 red molds 10 gnomes 10 garter snakes 2 gnome zombies 15 geckos 8 jackals 3 foxes a kobold 2 goblins 7 sewer rats 14 grid bugs 4 bats 10 lichens 4 kobold zombies 9 newts 232 creatures vanquished. No species were genocided or became extinct. Voluntary challenges: You read items or engraved 117 times. You never genocided any monsters. You never polymorphed an object. You never changed form. You never touched an artifact. You used no wishes. You were celibate. You did not violate any of the special Sokoban rules. Achievements: You entered a shop. You entered the Gnomish Mines. You entered Minetown. You entered a temple. You entered Sokoban. You attained the rank of Empiric. You attained the rank of Embalmer. You completed the Gnomish Mines. Dungeon overview: The Dungeons of Doom: levels 1 to 13 Level 1: A fountain. Level 2: A potion shop. Stairs down to The Gnomish Mines. Level 3: A general store, a fountain, a grave, a tree. Level 4: "books sold in store, vault" A scroll shop, a fountain. Level 5: "stash next to downstair" Level 6: Many fountains, many trees. Oracle of Delphi. Level 7: A fountain. Stairs up to Sokoban, level 6. Level 8: A general store. Level 9: Level 10: A fountain. Level 11: Level 12: Summoned by Hippocrates. Level 13: The Gnomish Mines: levels 3 to 11 Level 3: Level 4: Level 5: <- You were here. Many shops, a temple, some fountains, some trees. Final resting place for you, killed by a priest of Athena, while paralyzed. Level 6: Level 7: Level 8: Level 9: Level 10: Level 11: Sokoban: levels 6 up to 3 Level 3: Unsolved. Level 4: Solved. Level 5: Solved. Level 6: Solved. Game over: __________ / \ / REST \ / IN \ / PEACE \ / \ | Moult | | 559 Au | | killed by a | | priest of Athena | | | | | | 2023 | *| * * * | * _________)/\\_//(\/(/\)/\//\/|_)_______ Goodbye Moult the Healer... You died in The Gnomish Mines on dungeon level 5 with 2524 points, and 559 pieces of gold, after 14665 moves. You were level 6 with a maximum of 57 hit points when you died.